 Dungeon Crawl Stone Soup version 0.29.1-4-g47bece8355 (webtiles) character file.

Game seed: 9569021931318468270

142 firemarshallily the Slasher (level 5, -1/61 HPs)
             Began as a Demonspawn Gladiator on Dec 7, 2022.
             Was a Believer of Fedhas.
             Slain by a gnoll
             ... wielding a +0 halberd
              (3 damage)
             ... on level 3 of the Dungeon.
             The game lasted 00:08:47 (2738 turns).

firemarshallily the Slasher (Demonspawn Gladiator)  Turns: 2738, Time: 00:08:47

Health: -1/61      AC: 26    Str: 13 (16) XL:     5   Next: 4%
Magic:  5/5        EV:  2    Int:  9 (10) God:    Fedhas [**....]
Gold:   172        SH:  4    Dex: 11 (14) Spells: 4/4 levels left

rFire   . . .      SeeInvis .   a - +1 long sword
rCold   . . .      Faith    .   (no shield)
rNeg    . . .      Spirit   .   (body armour currently unavailable)
rPois   +          Reflect  .   (helmet currently unavailable)
rElec   .          Harm     .   (cloak currently unavailable)
rCorr   .          Rampage  .   (gloves currently unavailable)
Will    .....      NoTele   +   (boots currently unavailable)
Stlth   +.........              (no amulet)
HPRegen 0.20/turn               (no ring)
MPRegen 0.09/turn               (no ring)

@: tree-form, on berserk cooldown, slowed, very slow
A: stationary, stasis, torment immunity, boosted hp, (antennae 1), icemail 1,
condensation shield
a: Renounce Religion, Wall of Briars


You were on level 3 of the Dungeon.
You worshipped Fedhas.
Fedhas was pleased with you.
You were a tree.
You visited 1 branch of the dungeon, and saw 3 of its levels.

You collected 172 gold pieces.

Inventory:

Hand Weapons
 a - a +1 long sword (weapon)
Missiles
 d - 3 throwing nets
 f - 23 stones (quivered)
Armour
 b - a +0 leather armour (melded)
 c - a +0 ring mail
 p - a +0 pair of gloves (melded)
Scrolls
 g - a scroll of magic mapping
 k - a scroll of poison
 n - a scroll of vulnerability


   Skills:
 * Level 3.6 Fighting
 * Level 3.9 Long Blades
 - Level 1.7 Throwing
 + Level 1.6 Armour
 - Level 2.6 Dodging


You had 4 spell levels left.
You didn't know any spells.
Your spell library contained the following spells:

 Spells                   Type           Power      Damage    Failure   Level
 Beastly Appendage        Tmut           0%         N/A       38%         1
 Summon Small Mammal      Summ           0%         N/A       38%         1
 Wereblood                Tmut           0%         N/A       52%         2
 Call Canine Familiar     Summ           0%         N/A       77%         3
 Spider Form              Tmut/Pois      0%         N/A       77%         3
 Summon Guardian Golem    Hex/Summ       0%         N/A       77%         3


Dungeon Overview and Level Annotations

Branches:
Dungeon (3/15)

Altars:
Fedhas

Annotations:
D:3 Grinder


Innate Abilities, Weirdness & Mutations

You are a tree.
Your roots penetrate the ground, keeping you stationary.
You cannot be teleported.
You are immune to unholy pain and torment.
Your maximum health is greatly increased.
Your equipment is partially melded.
((You have a pair of small antennae on your head.))
A meltable icy envelope protects you from harm. (AC +4)
A meltable shield of frost defends you. (SH +4)


Message History

Grinder hits you.
* * * LOW HITPOINT WARNING * * *
You writhe in agony.
* * * LOW HITPOINT WARNING * * *
The gnoll hits you but does no damage.
You swing at nothing.
You feel less invigorated.
You feel less confused.
The gnoll hits you from afar with a +0 halberd.
* * * LOW HITPOINT WARNING * * *
Grinder blinks!
You swing at nothing.
You feel your anger nearly subside. The gnoll hits you but does no damage.
You swing at nothing.
You are no longer berserk.
You are exhausted.
You feel yourself slow down. The gnoll hits you but does no damage.
Grinder blinks!
It was a potion of degeneration.
There was something very wrong with that liquid.
You feel weakened.
You feel dopey.
You feel clumsy. The gnoll hits you but does no damage.
You slash Grinder!
Grinder is severely wounded.
Grinder blinks!
The gnoll hits you from afar with a +0 halberd.
* * * LOW HITPOINT WARNING * * *
Grinder hits you.
* * * LOW HITPOINT WARNING * * *
You writhe in agony.
* * * LOW HITPOINT WARNING * * *
You block the gnoll's attack.
You hit Grinder.
Grinder is almost dead.
Grinder blinks!
The gnoll hits you but does no damage. x2; Grinder blinks!
The gnoll barely misses you.
You feel your willpower return.
The gnoll hits you from afar with a +0 halberd.
You die...
Fedhas appreciates your contribution to the ecosystem.

........# ###.### #..$........
........### #....(# #...........
#######...###...#.# #...........
## ###......##K####g.......... .#
#.......gg...ggg....?.... .#
#...#..#g######K.........
.######*#....>##g# ##+##+#####
.'....#,#.#.#.##.#### *,**,*****
.####.#...#.#.##♣...#***,***,,,,,
....#.#.###+#.#.5...!...,,,+,,,,,
#.###.#.,,,,..#.........,***,,,,,
#.....#,,,,,,,+........<,,,*,,,,,
#######*,,,,,,#.....(...**,*,,,,,
#...# *,,,,,,#.........**,,,****
#...#***,,,,,,###+###+##*********
#...##.....,,,,,,,* *,,,,,,,,,,,,
#...##....#******** *,,,,,,,,,,,,


You could see Grinder, 3 gnolls, a goblin and a kobold.

Vanquished Creatures
  6 gnolls
  3 adders (D:2)
  A dart slug (D:2)
  An orc (D:3)
  6 bats
  4 endoplasms
  A giant cockroach (D:2)
  6 goblins
  4 hobgoblins
  4 jackals (D:2)
  3 quokkas
  4 ball pythons
  2 frilled lizards (D:2)
  5 kobolds
  5 rats
55 creatures vanquished.

Vanquished Creatures (others)
  16 plants (D:2)
16 creatures vanquished.

Grand Total: 71 creatures vanquished

Notes
Turn   | Place    | Note
-------+----------+-------------------------------------------
     0 | D:1      | firemarshallily the Demonspawn Gladiator began the quest
                  | for the Orb.
     0 | D:1      | Reached XP level 1. HP: 16/16 MP: 1/1
   312 | D:1      | Gained mutation: A meltable shield of frost defends you.
                  | (SH +4) [demonic ancestry]
   312 | D:1      | Reached XP level 2. HP: 22/22 MP: 2/2
   599 | D:1      | Found a faded altar of an unknown god.
   604 | D:1      | Prayed at the altar of an unknown god.
   604 | D:1      | Became a worshipper of Fedhas Madash
   604 | D:1      | Reached * piety under Fedhas
  1200 | D:2      | Reached skill level 1 in Armour
  1200 | D:2      | Gained mutation: A meltable icy envelope protects you from
                  | harm. (AC +4) [demonic ancestry]
  1200 | D:2      | Reached XP level 3. HP: 23/28 MP: 3/3
  1307 | D:2      | Reached XP level 4. HP: 23/35 MP: 4/4
  1659 | D:2      | Reached ** piety under Fedhas
  2492 | D:3      | Gained mutation: You have a pair of small antennae on your
                  | head. [demonic ancestry]
  2492 | D:3      | Reached XP level 5. HP: 41/41 MP: 5/5
  2691 | D:3      | Noticed Grinder
  2694 | D:3      | Paralysed by Grinder for 5 turns
  2712 | D:3      | Paralysed by Grinder for 5 turns
  2723 | D:3      | Paralysed by Grinder for 5 turns
  2735 | D:3      | HP: 3/61 [Grinder (2)]
  2735 | D:3      | HP: 1/61 [Grinder (2)]
  2738 | D:3      | Slain by a gnoll

Illustrated notes

Levels and vault maps discovered:
D:1:      ncdulo_lavacross, layout_loops_ring,
          shapermc_ecumenical_altar_hornbeckon
D:2:      layout_basic, serial_bayou_lagoon_b
D:3:      layout_basic, uniq_grinder

Skill      XL: |  1  2  3 |
---------------+----------+-----
Long Blades    | 3 |  3.9
Armour         | 1 |  1.6
Fighting       | 3 |  3.6
Throwing       | |  1.7
Dodging        | |  2.6

Action                   |  1- 3 |  4- 6 || total
-------------------------+-------+-------++-------
Melee: Long sword        |    91 |    87 ||   178
       Punch             |     1 |       ||     1
Throw: Dart              |       |     2 ||     2
       Javelin           |       |     1 ||     1
       Stone             |       |     1 ||     1
  Use: Scroll            |       |     4 ||     4
       Potion            |       |     4 ||     4
 Stab: Sleeping          |       |     2 ||     2
Armor: Leather armour    |    33 |    32 ||    65
       Skin              |       |    20 ||    20
Dodge: Dodged            |    80 |    57 ||   137
Block: Other             |    21 |    26 ||    47
